Map: Bridgehead LE (Void)

Players

NightEnD - Winner!

  • Race: Protoss Protoss
  • League: Master

Beastyqt

  • Race: Terran Terran
  • League: Diamond

Event: ASL Season 5 Prime League LOTV Beta

VOD

Have the link to the VOD?

Description

Time

  • Played on: Sept. 22, 2015, 6:58 p.m.
  • Length: 5:36

All games in this series

Show
View Real Time Build Order
Export as new Build Order

NightEnD Protoss - Winner!

Build Orders:  

Get SALT Encoding   

  12  0:00  Probe (Chrono Boost)  
  13  0:10  Probe (Chrono Boost)  
  14  0:18  Pylon  
  14  0:22  Probe (Chrono Boost)  
  15  0:36  Probe (Chrono Boost)  
  15  0:37  Gateway  
  16  0:43  Assimilator  
  16  0:46  Probe (Chrono Boost)  
  17  0:56  Probe (Chrono Boost)  
  18  1:06  Probe (Chrono Boost)  
  18  1:07  Pylon  
  19  1:15  Probe (Chrono Boost)  
  20  1:25  Probe (Chrono Boost)  
  20  1:27  Cybernetics Core  
  21  1:35  Probe (Chrono Boost)  
  22  1:45  Probe (Chrono Boost)  
  23  1:53  Nexus  
  23  1:57  Zealot (Chrono Boost)  
  25  2:07  Mothership Core  
  27  2:20  Adept (Chrono Boost)  
  29  2:32  Probe  
  29  2:34  Robotics Facility, Assimilator  
  30  2:46  Probe (Chrono Boost)  
  30  2:49  Pylon  
  31  2:57  Warp Gate (Chrono Boost)  
  31  3:02  Pylon  
  31  3:03  Adept  
  31  3:04  Probe (Chrono Boost)  
  34  3:05  Probe (Chrono Boost)  
  35  3:14  Probe (Chrono Boost)  
  35  3:15  Probe (Chrono Boost)  
  35  3:19  Observer (Chrono Boost)  
  38  3:27  Probe (Chrono Boost)  
  38  3:29  Probe (Chrono Boost)  
  38  3:30  Adept  
  38  3:32  Warp Prism  
  44  3:45  Gateway  
  44  3:50  Gateway  
  44  3:54  Gateway  
  44  3:57  Adept  
  46  4:18  Gateway  
  46  4:21  Gateway  
  46  4:22  Gateway  
  45  4:30  Probe (Chrono Boost)  
  46  4:36  Probe  
  46  4:42  Probe  
  46  4:43  Pylon  
  48  4:52  Probe (Chrono Boost)  
  48  4:53  Probe (Chrono Boost), Pylon  
  48  4:57  Adept x4  
  58  5:19  Adept x4  
  58  5:20  Adept x3  
Show
View Real Time Build Order
Export as new Build Order

Beastyqt Terran 

Build Orders: 1/1/1, Widow Mine Drop 

Get SALT Encoding   

  12  0:01  SCV  
  13  0:13  SCV  
  14  0:17  Supply Depot  
  14  0:25  SCV  
  14  0:28  Refinery  
  15  0:39  SCV  
  16  0:45  Barracks  
  16  0:51  SCV  
  17  1:03  SCV  
  18  1:15  SCV  
  19  1:27  SCV  
  20  1:33  Factory  
  20  1:36  Supply Depot, Marine  
  21  1:40  Orbital Command  
  21  1:52  Refinery  
  21  1:54  Marine  
  22  2:07  SCV  
  23  2:11  Supply Depot  
  23  2:12  Marine  
  24  2:18  Starport, Widow Mine  
  24  2:22  SCV  
  27  2:30  Marine  
  27  2:34  SCV  
  29  2:46  SCV  
  29  2:47  Hellion  
  29  2:50  Marine  
  33  2:52  Supply Depot  
  33  2:55  Medivac  
  33  2:58  SCV  
  36  3:08  Hellion  
  36  3:10  SCV  
  39  3:13  Marine  
  39  3:19  Command Center  
  40  3:22  SCV  
  40  3:30  Viking  
  42  3:39  Barracks Reactor  
  42  3:40  SCV  
  43  3:50  Barracks  
  43  3:51  Barracks  
  43  3:52  Factory Tech Lab, Refinery  
  43  3:53  SCV  
  44  4:00  Supply Depot  
  44  4:13  SCV  
  40  4:26  Siege Tank, Marine x2  
  40  4:28  SCV  
  46  4:31  Orbital Command  
  46  4:41  SCV  
  46  4:44  Barracks Tech Lab x2  
  47  4:47  Marine x2  
  49  4:53  SCV  
  49  4:58  SCV  
  51  5:00  Engineering Bay  
  51  5:02  Siege Tank  
  51  5:04  Marine  
  51  5:05  SCV, Refinery, Marine x2  
  58  5:10  SCV  
  58  5:12  Marine  
  59  5:17  SCV  
Tags
 
Add a new tag
Caveats
  • Supply blocks, unpowered buildings, or Contaminate may cause inaccurate times.
  • Supply counts are checked every 10 seconds.